 Dungeon Crawl Stone Soup version 0.29-a0-1008-g949cc1d0fb (webtiles) character file.

Game seed: 4333498631588617994

76 Zonian the Gusty (level 4, -3/24 HPs)
             Began as a Tengu Air Elementalist on Aug 7, 2022.
             Was an Initiate of Ashenzari.
             Shot with an arrow by a centaur (11 damage)
             ... on level 4 of the Dungeon.
             The game lasted 00:05:09 (3846 turns).

Zonian the Gusty (Tengu Air Elementalist)           Turns: 3846, Time: 00:05:10

Health: -3/24      AC:  3    Str:  8    XL:     4   Next: 32%
Magic:  2/8        EV: 13    Int: 18    God:    Ashenzari [......]
Gold:   117        SH:  0    Dex: 14    Spells: 5/8 levels left

rFire   . . .      SeeInvis .   s - +0 flail (venom)
rCold   . . .      Faith    .   (no shield)
rNeg    . . .      Spirit   .   a - +0 robe
rPois   .          Reflect  .   (helmet restricted)
rElec   .          Harm     .   h - +0 cloak of Supernal Knowledge {Elem, Fort} (curse)
rCorr   .          Rampage  .   (no gloves)
Will    .....                   (boots unavailable)
Stlth   ++........              (no amulet)
HPRegen 0.08/turn               (no ring)
MPRegen 0.11/turn               (no ring)

@: no status effects
A: beak, talons 3
a: Renounce Religion, Shatter the Chains


You were on level 4 of the Dungeon.
You worshipped Ashenzari.
Ashenzari was noncommittal.
You visited 1 branch of the dungeon, and saw 4 of its levels.

You collected 141 gold pieces.
You spent 24 gold pieces at shops.

Inventory:

Hand Weapons
 d - a +0 dagger
 s - a +0 flail of venom (weapon)
Armour
 a - a +0 robe (worn)
 c - a +0 pair of boots
 h - the cursed +0 cloak of Supernal Knowledge (worn) {Elem, Fort}
   (You found it on level 1 of the Dungeon)

   It has a curse which improves the following skills: Elements: Fire Magic, Ice
   Magic, Air Magic and Earth Magic.
   Fortitude: Armour and Shields.
Scrolls
 i - a scroll of immolation
 j - a scroll of vulnerability
 n - a scroll of noise
 o - a scroll of poison {unknown}
 p - a scroll of teleportation {unknown}
Potions
 b - 2 potions of magic
 e - 3 potions of curing
 f - a potion of resistance {unknown}
 g - a potion of heal wounds {unknown}
 l - 2 potions of cancellation
 m - a potion of might {unknown}
 q - a potion of invisibility {unknown}
 r - a potion of berserk rage {unknown}
 t - 2 potions of ambrosia {unknown}
 u - 2 potions of degeneration {unknown}


   Skills:
 + Level 2.9 Dodging
 + Level 2.7 Stealth
 + Level 2.5 Spellcasting
 + Level 2.5 Conjurations
 + Level 4.6(5.1) Air Magic


You had 5 spell levels left.
You knew the following spells:

 Your Spells              Type           Power      Damage    Failure   Level
a - Shock                 Conj/Air       64%        1d7       3%          1
b - Static Discharge      Conj/Air       16%        3-5/arc   5%          2

Your spell library contained the following spells:

 Spells                   Type           Power      Damage    Failure   Level
 Swiftness                Air            20%        N/A       6%          3
 Poisonous Vapours        Pois/Air       22%        N/A       9%          2
 Sting                    Tmut/Pois      8%         1d3       17%         1
 Summon Small Mammal      Summ           8%         N/A       17%         1
 Airstrike                Air            10%        2d(2-18)  22%         4
 Call Canine Familiar     Summ           2%         N/A       45%         3
 Summon Guardian Golem    Hex/Summ       2%         N/A       45%         3
 Olgreb's Toxic Radiance  Pois           2%         N/A       86%         4


Dungeon Overview and Level Annotations

Branches:
Dungeon (4/15)
 Temple: D:4-7

Altars:
Ashenzari
Nemelex Xobeh

Shops:
D:3 *


Innate Abilities, Weirdness & Mutations

You have a beak for a mouth.
You have claws for feet.


Message History

There is a broken altar of Ashenzari here.
Items here: )) [[.
There is a stone staircase leading down here.
You climb downwards.
There is a stone staircase leading up here.
Unknown command.
A goblin comes into view. It is wielding a +0 club.
A goblin is nearby!
Unknown command.
The zap hits the goblin.
You kill the goblin!
A centaur comes into view.
The zap hits the centaur.
The centaur is moderately wounded.
The centaur shouts!
The centaur wields a +0 shortbow.
The centaur shoots an arrow.
The arrow hits you!
An orc comes into view. It is wielding a +0 club.
The zap hits the centaur.
The centaur is moderately wounded.
The orc shouts!
The centaur shoots an arrow.
The arrow closely misses you.
The zap misses the centaur.
The centaur shoots an arrow.
The arrow hits you!
The centaur shoots an arrow.
The arrow closely misses you.
Unknown command.
Okay, then.
Okay, then.
Aiming: Shock (safe; 3% risk of failure)
Press: ? - help, Q - select action, (/) - cycle Shift-Dir - straight line, f/p - centaur
Aim: a centaur, wielding a +0 shortbow (moderately wounded, 83% to hit)
The zap hits the centaur but does no damage.
The centaur is moderately wounded.
The centaur shoots an arrow.
The arrow barely misses you.
Aiming: Shock (safe; 3% risk of failure)
Press: ? - help, Q - select action, (/) - cycle Shift-Dir - straight line, f/p - centaur
Aim: a centaur, wielding a +0 shortbow (moderately wounded, 83% to hit)
The zap hits the centaur.
The centaur is moderately wounded.
The centaur shoots an arrow.
The arrow hits you!
You die...

... ## ...##. ...#)
.... #.. ######...
#..##........ .
##.###....#####....
.c.....@...<.......
##.##...######..###
#....# ... #....#..
# ##...### #o..
.... ....


You could see a centaur and an orc.

Vanquished Creatures
  An adder (D:2)
  2 worms (D:2)
  A dart slug (D:3)
  6 orcs (D:3)
  5 ball pythons
  A bat (D:1)
  6 endoplasms
  4 giant cockroaches
  5 goblins
  2 hobgoblins
  3 quokkas
  3 frilled lizards (D:2)
  4 kobolds (D:2)
  5 rats
48 creatures vanquished.

Notes
Turn   | Place    | Note
-------+----------+-------------------------------------------
     0 | D:1      | Zonian the Tengu Air Elementalist began the quest for the
                  | Orb.
     0 | D:1      | Reached XP level 1. HP: 10/10 MP: 4/4
   406 | D:1      | Found a faded altar of an unknown god.
   413 | D:1      | Reached XP level 2. HP: 12/15 MP: 1/6
  1465 | D:2      | Reached XP level 3. HP: 19/19 MP: 3/7
  1810 | D:2      | Learned a level 2 spell: Static Discharge
  2785 | D:3      | Reached XP level 4. HP: 24/24 MP: 1/8
  3073 | D:3      | Found a broken altar of Ashenzari.
  3080 | D:3      | Became a worshipper of Ashenzari the Shackled
  3247 | D:3      | Found a sparkling altar of Nemelex Xobeh.
  3736 | D:3      | Found Botumuke's General Store.
  3749 | D:3      | Bought a scroll of identify for 24 gold pieces
  3841 | D:4      | Noticed a centaur
  3846 | D:4      | Shot with an arrow by a centaur

Illustrated notes

Levels and vault maps discovered:
D:1:      sevenhm_arrival_forest_fort_large_4, layout_basic,
          hellmonk_ecumenical_altar_arch_garden
D:2:      layout_loops_cross
D:3:      layout_loops_ring, lemuel_tele_altar,
          mainiacjoe_overflow_tiny_flanked, serial_shops,
          nicolae_shop_waterfront, kennysheep_cross_room
D:4:      layout_rooms, serial_shops, nicolae_shop_waterfront

Skill      XL: |  1  2 |
---------------+-------+-----
Conjurations   | 2 |  2.5
Dodging        | |  2.9
Stealth        | |  2.7
Spellcasting   | |  2.5
Air Magic      | |  4.6

Action                   |  1- 3 |  4- 6 || total
-------------------------+-------+-------++-------
Melee: Dagger            |     9 |       ||     9
       Flail             |       |     1 ||     1
 Cast: Shock             |    90 |    21 ||   111
Invok: Curse Item        |       |     1 ||     1
  Use: Scroll            |     3 |     2 ||     5
Armor: Robe              |     5 |       ||     5
Dodge: Dodged            |    20 |     4 ||    24

Table legend: (Time is in decaauts)
 A = Elapsed time spent in this place.
 B = Non-inter-level travel time spent in this place.
 C = Inter-level travel time spent in this place.
 D = Time resting spent in this place.
 E = Time spent auto-exploring this place.
 F = Levels seen in this place.
 G = Mean time per level.
                   A        B        C        D        E       F      G
               +--------+--------+--------+--------+--------+-----+--------+
         Total |   3845 |   3754 |     91 |    765 |   2644 |   4 |  961.2 |
       Dungeon |   3845 |   3754 |     91 |    765 |   2644 |   4 |  961.2 |
               +--------+--------+--------+--------+--------+-----+--------+

Top non-repeatable levels by time:
     D:2: 1394 daAuts
     D:3: 1228 daAuts
     D:1: 1212 daAuts
     D:4: 10 daAuts
